 Dungeon Crawl Stone Soup version 0.19-a0-687-g35db334 (webtiles) character file.

300 qqqbard the Twirler (level 6, 0/32 HPs)
             Began as a Vine Stalker Gladiator on June 18, 2016.
             Slain by an orc wizard
             ... wielding a +0 dagger
              (1 damage)
             ... on level 3 of the Dungeon.
             The game lasted 00:05:00 (1125 turns).

qqqbard the Twirler (Vine Stalker Gladiator)        Turns: 1125, Time: 00:05:01

Health: 0/32       AC:  8    Str: 19    XL:     6   Next: 36%
Magic:  0/7        EV: 13    Int:  8    God:
Gold:   76         SH:  0    Dex: 15    Spells: 0 memorised, 5 levels left

rFire  . . .     SeeInvis .     a - +0 quarterstaff
rCold  . . .     Gourm    .     b - +1 leather armour
rNeg   . . .     Faith    .     (shield currently unavailable)
rPois  .         Spirit   +     r - +2 helmet
rElec  .         Dismiss  .     p - +0 cloak (curse)
rCorr  .         Reflect  .     (no gloves)
SustAt .         Harm     .     (no boots)
MR     .....                    (no amulet)
Stlth  ++........               (no ring)
                                (no ring)

@: not resistant to hostile enchantments, unstealthy
A: fangs 2, regeneration 2, magic shield, antimagic bite, no device heal 3, rot
immunity
a: no special abilities


You were on level 3 of the Dungeon.
You were very hungry.

You visited 1 branch of the dungeon, and saw 3 of its levels.

You collected 76 gold pieces.

Inventory:

Hand Weapons
 a - a +0 quarterstaff (weapon)
Missiles
 d - 3 throwing nets (quivered)
Armour
 b - a +1 leather armour (worn)
 p - a cursed +0 cloak (worn)
 r - a +2 helmet (worn)
Jewellery
 c - an uncursed ring of protection from fire {unknown}
 h - an uncursed ring of poison resistance {unknown}
 k - an uncursed ring of sustain attributes {unknown}
 o - an uncursed ring of ice {unknown}
 x - an uncursed amulet of faith
Wands
 g - a wand of confusion (25/48)
 s - a wand of random effects (19/48)
Scrolls
 e - a scroll of fog
 i - a scroll of amnesia {unknown}
Potions
 j - a potion of might {unknown}
 m - a potion of heal wounds
 n - 2 potions of curing
 q - a potion of berserk rage {unknown}
 t - a potion of brilliance {unknown}
 u - a potion of mutation {unknown}
 w - a potion of flight {unknown}
Comestibles
 f - 2 bread rations
 l - 5 fruits
 v - 4 meat rations
 z - a royal jelly


   Skills:
 + Level 3.1 Fighting
 * Level 4.4 Staves
 - Level 1.7 Throwing
 + Level 1.0 Armour
 + Level 3.6 Dodging
 + Level 1.5 Stealth


You had 5 spell levels left.
You didn't know any spells.

Dungeon Overview and Level Annotations

Branches:
Dungeon (3/15)

Altars:
Okawaru


Innate Abilities, Weirdness & Mutations

You have extremely sharp teeth.
You heal very quickly.
When hurt, damage is shared between your health and your magic reserves.
Your bite disrupts and absorbs the magic of your enemies.
Potions and wands cannot restore your health.
You are immune to rotting.


Message History

You closely miss the orc priest.
The orc throws a tomahawk.
The tomahawk hits you.
* * * LOW HITPOINT WARNING * * *
The orc priest closely misses you. Something hits you but does no damage.
The hobgoblin closely misses you. The rat closely misses you.
The orc throws a tomahawk.
The tomahawk closely misses you.
You hit the orc priest. Your bite misses the orc priest.
The orc priest is moderately wounded.
Something hits you but does no damage.
The orc priest looks braver for a moment.
The hobgoblin barely misses you. The rat bites you but does no damage.
The orc throws a tomahawk.
The tomahawk hits you.
* * * LOW HITPOINT WARNING * * *
Something hits you but does no damage.
As you read the scroll labeled NOEKHL DAIHA, it crumbles to dust.
The scroll dissolves into smoke.
It was a scroll of fog.
The orc priest misses you. The hobgoblin closely misses you.
The rat misses you.
The orc throws a tomahawk.
The tomahawk barely misses you. Something hits you.
You die...

#....#..# #.# .
##..#.#..# #.#..
#...#.#..#####.#.#
...%..........#.#
.########.#.#......†<..#
.......(....#<.........#
.....§..§...#..#.#...###
#....r{g§.......+...'..
..####@#......#.#...###
.....§o§#...#..†........
.....§§o§........###....
...####.####............
.. .... #............
#..... #............
#..... #............
....._.........##.....
..#.... .#.....# ....


You could see an orc priest, an orc, a hobgoblin and a rat.

Vanquished Creatures
  An orc priest (D:3)
  2 hounds (D:2)
  Natasha (twice) (D:2)
  Robin (D:2)
  4 gnolls (D:2)
  2 adders (D:2)
  2 oozes
  2 worms (D:2)
  2 giant geckos
  5 giant cockroaches
  13 hobgoblins
  9 jackals
  8 bats
  A giant newt (D:2)
  17 goblins
  5 kobolds
  5 rats
81 creatures vanquished.

Notes
Turn   | Place    | Note
--------------------------------------------------------------
     0 | D:1      | qqqbard the Vine Stalker Gladiator began the quest for the Orb.
     0 | D:1      | Reached XP level 1. HP: 11/11 MP: 2/2
    63 | D:1      | Reached XP level 2. HP: 15/15 MP: 3/3
    99 | D:1      | Reached skill level 3 in Staves
   169 | D:1      | Reached XP level 3. HP: 10/18 MP: 4/4
   460 | D:2      | Noticed Robin
   512 | D:2      | Killed Robin
   512 | D:2      | Reached XP level 4. HP: 8/23 MP: 5/5
   602 | D:2      | Reached skill level 1 in Stealth
   608 | D:2      | Reached XP level 5. HP: 22/27 MP: 6/6
   813 | D:2      | Reached skill level 4 in Staves
   857 | D:2      | Reached skill level 1 in Armour
   945 | D:2      | Noticed Natasha
   950 | D:2      | Killed Natasha
   950 | D:2      | Gained mutation: You heal very quickly. [Vine Stalker growth]
   950 | D:2      | Reached XP level 6. HP: 24/32 MP: 7/7
  1043 | D:2      | Noticed Natasha
  1056 | D:2      | Killed Natasha
  1112 | D:3      | Found an iron altar of Okawaru.
  1124 | D:3      | HP: 1/32 [orc/tomahawk (3)]
  1125 | D:3      | Slain by an orc wizard

Vault maps used:
D:1:      lightli_arrival_statue_moat
D:2:      minmay_misc_feat_nine_boxes, supply_closet_lemuel,
          cheibrodos_gnoll_hut, uniq_natasha, uniq_robin
D:3:      old_standard_altar, marbit_many_paths

Skill      XL: |  1  2  3  4  5 |
---------------+----------------+-----
Staves         | 3 4 |  4.4
Fighting       | 2 3 |  3.1
Stealth        | 1 |  1.5
Dodging        | 3 |  3.6
Armour         | 1 |  1.0
Throwing       | |  1.7

Action                   |  1- 3 |  4- 6 || total
-------------------------+-------+-------++-------
Melee: Quarterstaff      |   105 |   134 ||   239
       Bite              |    29 |    34 ||    63
  Use: Scroll            |       |     6 ||     6
 Stab: Sleeping          |     3 |     1 ||     4
Armor: Leather armour    |    40 |    62 ||   102
Dodge: Dodged            |    81 |   139 ||   220
